Kings vs Canucks

Created - October 14, 2016 at 17:06

Goals
1 2 3 OT1 SO T
Kings 0 2 1 0 2 4
Canucks 1 1 1 0 0 3
Shots
1 2 3 OT1 SO T
Kings 11 12 8 4 2 35
Canucks 13 18 13 3 2 47

1st period

1. Canucks , Reilly Smith 1 (Adam Henrique, Logan Couture) at 4:31

Penalties :
Matt Niskanen (LOS) for Holding (Minor) at 7:09, Ryan Strome (VAN) for Holding (Minor) at 11:06, Simon Despres (VAN) for Hooking (Minor) at 16:12

2nd period

2. Kings , Daniel Sedin 1 (Matt Niskanen, Dan Hamhuis) at 4:01
3. Canucks , Reilly Smith 2 (Logan Couture) at 7:46 (PP)
4. Kings , Scott Hartnell 2 (Jonathan Toews) at 9:28

Penalties :
Evgeny Medvedev (LOS) for Interference (Minor) at 6:57, Alexei Emelin (LOS) for Hooking (Minor) at 11:38, Fedor Tyutin (LOS) for Holding (Minor) at 13:59, Fedor Tyutin (LOS) for Unsportsmanlike conduct (Minor) at 18:48

3rd period

5. Canucks , Evgeny Kuznetsov 1 (Erik Karlsson, Elias Lindholm) at 9:36 (PP)
6. Kings , Daniel Sedin 2 (Niklas Kronwall) at 15:57

Penalties :
Brent Burns (VAN) for Hooking (Minor) at 8:39, Jonathan Toews (LOS) for Hooking (Minor) at 8:39, Matt Niskanen (LOS) for Hooking (Minor) at 9:04, Simon Despres (VAN) for Hooking (Minor) at 12:24, Adam Henrique (VAN) for Fighting (Major) at 16:14, Scott Hartnell (LOS) for Fighting (Major) at 16:14

Overtime #1

No Goal

Penalties :
No Penalty

Shootout

Penalty Shot by Eric Staal for Kings - Goal!
Penalty Shot by Evgeny Kuznetsov for Canucks - Stopped by Steve Mason
Penalty Shot by Daniel Sedin for Kings - Goal!
Penalty Shot by Adam Henrique for Canucks - Stopped by Steve Mason

Penalties :
No Penalty

Goalie Stats

Steve Mason (LOS), 44 saves from 47 shots - (0.936), W, 2-0-1, 65:00 minutes
Henrik Lundqvist (VAN), 32 saves from 35 shots - (0.914), OTL, 0-1-1, 65:00 minutes

Players Stats for Kings

Player Name              G  A  P  +/- PIM S  H  SB GA TA FO     MP     PP MP  PK MP  
------------------------------------------------------------------------------------
Alexei Emelin            0  0  0   2  2   1  5  1  0  0  0/0    22:05   2:55   2:54 
Chris Kunitz             0  0  0   0  0   1  8  1  0  0  0/1    13:15   0:00   0:00 
Colton Sceviour          0  0  0  -1  0   0  0  2  0  0  2/2    13:08   2:38   2:48 
Dan Hamhuis              0  1  1   0  0   0  0  1  0  0  0/0    24:41   0:00   5:58 
Daniel Sedin             2  0  2   3  0   8  0  0  0  0  2/2    21:21   3:19   0:00 
Derek MacKenzie          0  0  0   0  0   2  0  0  0  0  5/9     9:18   0:00   2:54 
Eric Staal               0  0  0  -1  0   3  1  0  0  0  4/15   12:05   2:38   0:50 
Evgeny Medvedev          0  0  0   0  2   0  0  0  0  0  0/0    12:45   0:00   0:59 
Fedor Tyutin             0  0  0   0  4   1  1  0  0  0  0/0    15:19   0:00   0:00 
J.T. Brown               0  0  0  -1  0   0  2  1  0  0  1/4    15:32   0:00   6:23 
Jonathan Toews           0  1  1   3  2   2  1  0  0  0  35/57  28:30   3:19   5:57 
Matt Niskanen            0  1  1   0  4   1  5  4  0  0  0/0    26:33   3:02   3:35 
Mikael Granlund          0  0  0   0  0   2  0  0  0  0  7/19   16:37   2:38   0:00 
Nikita Soshnikov         0  0  0   0  0   1  1  0  0  0  0/0     6:24   0:00   0:00 
Niklas Kronwall          0  1  1   2  0   2  0  2  0  0  0/0    25:29   2:55   5:58 
Oscar Lindberg           0  0  0   0  0   0  0  0  0  0  0/2     7:03   0:00   0:00 
Scott Hartnell           1  0  1   3  5   6  2  0  0  0  1/1    19:24   3:19   0:00 
Victor Rask              0  0  0   0  0   5  0  0  0  0  2/3    18:42   3:02   0:00 

Players Stats for Canucks

Player Name              G  A  P  +/- PIM S  H  SB GA TA FO     MP     PP MP  PK MP  
------------------------------------------------------------------------------------
Adam Henrique            0  1  1   1  5   9  0  0  0  0  5/15   21:20   3:45   3:33 
Alex Pietrangelo         0  0  0   1  0   4  0  0  0  0  0/0    23:39   3:37   2:45 
Brent Burns              0  0  0  -3  2   2  2  0  0  0  0/0    26:02   5:33   3:12 
Chris Kreider            0  0  0  -1  0   3  0  0  0  0  0/2     6:35   0:00   0:42 
Cody Ceci                0  0  0   0  0   0  1  2  0  0  0/0    17:50   0:00   2:34 
Elias Lindholm           0  1  1  -1  0   1  2  0  0  0  7/11    7:42   0:00   0:16 
Erik Karlsson            0  1  1  -3  0   1  1  2  0  0  0/0    26:52   5:33   0:38 
Evander Kane             0  0  0  -2  0   6  3  0  0  0  0/1    24:34   5:25   2:08 
Evgeny Kuznetsov         1  0  1  -2  0   9  1  0  0  0  26/49  26:00   5:25   2:08 
Jimmy Hayes              0  0  0  -1  0   0  0  0  0  0  0/0     5:53   0:00   0:00 
Jonas Brodin             0  0  0   1  0   0  0  0  0  0  0/0    18:02   0:00   2:45 
Logan Couture            0  2  2   1  0   4  0  0  0  0  15/25  19:32   3:45   0:00 
Matt Beleskey            0  0  0   0  0   0  2  0  0  0  0/1     9:31   0:00   0:00 
Mikkel Boedker           0  0  0  -2  0   0  0  0  0  0  0/0    20:42   5:25   0:00 
Reilly Smith             2  0  2   1  0   6  1  0  0  0  1/2    20:08   3:45   3:07 
Robby Fabbri             0  0  0   0  0   2  1  0  0  0  2/9     9:38   0:00   0:00 
Ryan Strome              0  0  0   0  2   0  0  0  0  0  0/0    10:27   0:00   0:00 
Simon Despres            0  0  0   0  4   0  0  1  0  0  0/0    17:32   3:37   0:00 

3 Stars

1 - Daniel Sedin (LOS)
2 - Reilly Smith (VAN)
3 - Logan Couture (VAN)

Power Play

Kings - 0 on 3 Attempt(s) - 0.00%
Canucks - 2 on 6 Attempt(s) - 33.33%

Penalty Kill

Kings - 4 on 6 Attempt(s) - 66.67% - Score 0 goal in Penalty Kill
Canucks - 3 on 3 Attempt(s) - 100.00% - Score 0 goal in Penalty Kill

Team Stat

Kings - Hits : 26 - Faceoff Wins : 59 - Blocked Shots : 12 - Penalty Minutes : 19
Canucks - Hits : 14 - Faceoff Wins : 56 - Blocked Shots : 5 - Penalty Minutes : 13

Official

Referees : Chris Lee and Jacob Brenk
Linesman : Ryan Galloway and John Grandt

Game Notes

Adam Henrique beats up Scott Hartnell at 16:14 of 3rd period

Finance

Level 1 -- Attendance: 6429 (98.91%) -- Ticket Income $578,610
Level 2 -- Attendance: 4669 (93.38%) -- Ticket Income $326,830
Level 3 -- Attendance: 3410 (97.43%) -- Ticket Income $160,270
Level 4 -- Attendance: 2821 (96.94%) -- Ticket Income $70,525
Luxury Box -- Attendance: 708 (70.80%) -- Ticket Income $177,000
Game was played at the Rogers Arena.
Total Attendance: 18037 (95.38%)
Total Ticket Income: $1,313,235
Other Income: $196,985
Total Income: $1,510,220

% Time on Ice - Kings

Lines # - Real PCT - Wanted PCT - Time Play
Normal Forward
1 - 36% - 40% - 15:33
2 - 31% - 30% - 13:15
3 - 18% - 20% - 7:42
4 - 15% - 10% - 6:24
Normal Defense
1 - 38% - 40% - 16:29
2 - 32% - 30% - 13:49
3 - 27% - 20% - 11:47
4 - 2% - 10% - 0:49
PP Forward
1 - 56% - 60% - 3:19
2 - 44% - 40% - 2:38
PP Defense
1 - 51% - 60% - 3:02
2 - 49% - 40% - 2:55
PK Forward
1 - 69% - 60% - 6:22
2 - 31% - 40% - 2:48
PK Defense
1 - 58% - 60% - 5:17
2 - 42% - 40% - 3:53
PK3 Forward
1 - 81% - 60% - 0:26
2 - 19% - 40% - 0:06
PK3 Defense
1 - 100% - 60% - 0:32
2 - 0% - 40% - 0:00
44 Forward
1 - 100% - 60% - 1:27
2 - 0% - 40% - 0:00
44 Defense
1 - 70% - 60% - 1:01
2 - 30% - 40% - 0:26
Last Minute Offensive  - 0:00
Last Minute Defensive  - 0:00
Total
Forward - 60:00
Defense - 60:00

% Time on Ice - Canucks

Lines # - Real PCT - Wanted PCT - Time Play
Normal Forward
1 - 34% - 36% - 14:40
2 - 31% - 34% - 13:16
3 - 21% - 18% - 9:05
4 - 14% - 12% - 5:53
Normal Defense
1 - 34% - 34% - 14:44
2 - 33% - 33% - 14:12
3 - 29% - 28% - 12:22
4 - 4% - 5% - 1:36
PP Forward
1 - 59% - 57% - 5:25
2 - 41% - 43% - 3:45
PP Defense
1 - 61% - 53% - 5:33
2 - 39% - 47% - 3:37
PK Forward
1 - 64% - 55% - 3:49
2 - 36% - 45% - 2:08
PK Defense
1 - 46% - 50% - 2:45
2 - 54% - 50% - 3:12
PK3 Forward
1 - 0% - 52%
2 - 0% - 48%
PK3 Defense
1 - 0% - 51%
2 - 0% - 49%
44 Forward
1 - 78% - 55% - 1:33
2 - 22% - 45% - 0:26
44 Defense
1 - 51% - 52% - 1:01
2 - 49% - 48% - 0:58
Last Minute Offensive  - 0:00
Last Minute Defensive  - 0:00
Total
Forward - 60:00
Defense - 60:00

Play by Play

1st period


0:01 of 1st period - Jonathan Toews wins face-off versus Evgeny Kuznetsov in neutral zone.
0:04 of 1st period - Evgeny Kuznetsov is hit by Scott Hartnell and loses puck.
0:26 of 1st period - Off-side.
0:27 of 1st period - Logan Couture wins face-off versus Mikael Granlund in neutral zone.
0:39 of 1st period - Icing by Mikael Granlund.
0:40 of 1st period - Mikael Granlund wins face-off versus Robby Fabbri in Kings zone.
0:47 of 1st period - Simon Despres is hit by Chris Kunitz.
0:52 of 1st period - Ryan Strome is hit by Alexei Emelin and loses puck.
1:03 of 1st period - Shot by Mikael Granlund.
1:03 of 1st period - Stopped by Henrik Lundqvist without a rebound.
1:04 of 1st period - Logan Couture wins face-off versus Eric Staal in Canucks zone.
1:42 of 1st period - Off-side.
1:43 of 1st period - Elias Lindholm wins face-off versus Jonathan Toews in neutral zone.
1:55 of 1st period - Icing by Daniel Sedin.
1:56 of 1st period - Evgeny Kuznetsov wins face-off versus Jonathan Toews in Kings zone.
2:05 of 1st period - Shot by Daniel Sedin.
2:05 of 1st period - Stopped by Henrik Lundqvist without a rebound.
2:06 of 1st period - Evgeny Kuznetsov wins face-off versus Derek MacKenzie in Canucks zone.
2:06 of 1st period - Evgeny Kuznetsov is hit by Nikita Soshnikov.
3:11 of 1st period - Shot by Daniel Sedin.
3:11 of 1st period - Shot Misses the Net.
3:17 of 1st period - Shot by Logan Couture.
3:17 of 1st period - Stopped by Steve Mason without a rebound.
3:18 of 1st period - Robby Fabbri wins face-off versus Mikael Granlund in Kings zone.
3:29 of 1st period - Matt Beleskey is hit by Chris Kunitz and loses puck.
4:22 of 1st period - Shot by Daniel Sedin.
4:22 of 1st period - Stopped by Henrik Lundqvist without a rebound.
4:23 of 1st period - Logan Couture wins face-off versus Eric Staal in Canucks zone.
4:23 of 1st period - Logan Couture is hit by Eric Staal.
4:31 of 1st period - Shot by Reilly Smith.
4:31 of 1st period - Goal by Reilly Smith - Kings : 0 - Canucks : 1.
4:32 of 1st period - Logan Couture wins face-off versus Jonathan Toews in neutral zone.
4:41 of 1st period - Shot by Adam Henrique.
4:41 of 1st period - Shot Blocked by Matt Niskanen.
4:51 of 1st period - Jonathan Toews is hit by Reilly Smith and loses puck.
5:18 of 1st period - Shot by Adam Henrique.
5:18 of 1st period - Stopped by Steve Mason without a rebound.
5:19 of 1st period - Evgeny Kuznetsov wins face-off versus Eric Staal in Kings zone.
5:32 of 1st period - Shot by Evander Kane.
5:32 of 1st period - Stopped by Steve Mason without a rebound.
5:33 of 1st period - Elias Lindholm wins face-off versus Mikael Granlund in Kings zone.
5:54 of 1st period - Shot by Chris Kunitz.
5:54 of 1st period - Shot Blocked by Cody Ceci.
6:40 of 1st period - Erik Karlsson is hit by Matt Niskanen and loses puck.
6:45 of 1st period - Shot by Evgeny Kuznetsov.
6:45 of 1st period - Shot Misses the Net.
6:50 of 1st period - Icing by Matt Niskanen.
6:51 of 1st period - Logan Couture wins face-off versus Jonathan Toews in Kings zone.
6:51 of 1st period - Logan Couture is hit by Matt Niskanen.
6:56 of 1st period - Reilly Smith is hit by Matt Niskanen and loses puck.
7:09 of 1st period - Shot by Logan Couture.
7:09 of 1st period - Stopped by Steve Mason without a rebound.
7:09 of 1st period - Minor Penalty to Matt Niskanen for Holding.
7:10 of 1st period - Jonathan Toews wins face-off versus Evgeny Kuznetsov in Kings zone.
7:31 of 1st period - Shot by Brent Burns.
7:31 of 1st period - Shot Blocked by Niklas Kronwall.
7:37 of 1st period - Shot by Brent Burns.
7:37 of 1st period - Shot Misses the Net.
8:06 of 1st period - Icing by Simon Despres.
8:07 of 1st period - Logan Couture wins face-off versus Eric Staal in Canucks zone.
8:12 of 1st period - Shot by Alex Pietrangelo.
8:12 of 1st period - Stopped by Steve Mason without a rebound.
8:13 of 1st period - Logan Couture wins face-off versus J.T. Brown in Kings zone.
8:28 of 1st period - Shot by Alex Pietrangelo.
8:28 of 1st period - Stopped by Steve Mason without a rebound.
8:29 of 1st period - Logan Couture wins face-off versus Derek MacKenzie in Kings zone.
8:36 of 1st period - Shot by Reilly Smith.
8:36 of 1st period - Stopped by Steve Mason without a rebound.
8:37 of 1st period - Evgeny Kuznetsov wins face-off versus J.T. Brown in Kings zone.
10:29 of 1st period - Shot by Robby Fabbri.
10:29 of 1st period - Stopped by Steve Mason without a rebound.
10:30 of 1st period - Eric Staal wins face-off versus Evgeny Kuznetsov in Kings zone.
10:42 of 1st period - Shot by Cody Ceci.
10:42 of 1st period - Shot Misses the Net.
10:44 of 1st period - Shot by Cody Ceci.
10:44 of 1st period - Shot Blocked by Alexei Emelin.
10:46 of 1st period - Shot by Evgeny Kuznetsov.
10:46 of 1st period - Stopped by Steve Mason without a rebound.
10:47 of 1st period - Jonathan Toews wins face-off versus Robby Fabbri in Kings zone.
11:02 of 1st period - Brent Burns is hit by Jonathan Toews and loses puck.
11:06 of 1st period - Minor Penalty to Ryan Strome for Holding.
11:07 of 1st period - Adam Henrique wins face-off versus Mikael Granlund in Canucks zone.
11:12 of 1st period - Shot by Alex Pietrangelo.
11:12 of 1st period - Stopped by Steve Mason without a rebound.
11:13 of 1st period - Jonathan Toews wins face-off versus Adam Henrique in Kings zone.
11:26 of 1st period - Shot by Daniel Sedin.
11:26 of 1st period - Stopped by Henrik Lundqvist with a rebound.
11:35 of 1st period - Daniel Sedin is hit by Evander Kane and loses puck.
11:44 of 1st period - Shot by Daniel Sedin.
11:44 of 1st period - Deflect By Jonathan Toews.
11:44 of 1st period - Shot Misses the Net.
11:52 of 1st period - Shot by Victor Rask.
11:52 of 1st period - Stopped by Henrik Lundqvist without a rebound.
11:53 of 1st period - Adam Henrique wins face-off versus Mikael Granlund in Canucks zone.
12:34 of 1st period - Shot by Niklas Kronwall.
12:34 of 1st period - Stopped by Henrik Lundqvist without a rebound.
12:35 of 1st period - Evgeny Kuznetsov wins face-off versus Jonathan Toews in Canucks zone.
12:52 of 1st period - Shot by Jonathan Toews.
12:52 of 1st period - Deflect By Scott Hartnell.
12:52 of 1st period - Stopped by Henrik Lundqvist without a rebound.
12:53 of 1st period - Adam Henrique wins face-off versus Jonathan Toews in Canucks zone.
15:10 of 1st period - Eric Staal is hit by Evander Kane and loses puck.
16:12 of 1st period - Minor Penalty to Simon Despres for Hooking.
16:13 of 1st period - Jonathan Toews wins face-off versus Adam Henrique in Canucks zone.
17:16 of 1st period - Shot by Alexei Emelin.
17:16 of 1st period - Shot Blocked by Erik Karlsson.
17:26 of 1st period - Shot by Alexei Emelin.
17:26 of 1st period - Stopped by Henrik Lundqvist without a rebound.
17:27 of 1st period - Evgeny Kuznetsov wins face-off versus Mikael Granlund in Canucks zone.
18:19 of 1st period - Nikita Soshnikov is hit by Erik Karlsson and loses puck.
18:34 of 1st period - Shot by Derek MacKenzie.
18:34 of 1st period - Shot Misses the Net.
18:36 of 1st period - Shot by Nikita Soshnikov.
18:36 of 1st period - Stopped by Henrik Lundqvist without a rebound.
18:37 of 1st period - Elias Lindholm wins face-off versus Jonathan Toews in Canucks zone.
18:44 of 1st period - Icing by Scott Hartnell.
18:45 of 1st period - Jonathan Toews wins face-off versus Evander Kane in Kings zone.
19:06 of 1st period - Shot by Mikkel Boedker.
19:06 of 1st period - Shot Blocked by Dan Hamhuis.
19:08 of 1st period - Shot by Evander Kane.
19:08 of 1st period - Stopped by Steve Mason without a rebound.
19:09 of 1st period - Elias Lindholm wins face-off versus Chris Kunitz in Kings zone.
19:25 of 1st period - Shot by Victor Rask.
19:25 of 1st period - Stopped by Henrik Lundqvist with a rebound.
19:29 of 1st period - Shot by Chris Kunitz.
19:29 of 1st period - Stopped by Henrik Lundqvist without a rebound.
19:30 of 1st period - Evgeny Kuznetsov wins face-off versus Eric Staal in Canucks zone.
19:37 of 1st period - Shot by Evander Kane.
19:37 of 1st period - Shot Misses the Net.
19:47 of 1st period - Shot by Evander Kane.
19:47 of 1st period - Stopped by Steve Mason without a rebound.
19:48 of 1st period - Jonathan Toews wins face-off versus Adam Henrique in Kings zone.
Goals for this period are 0 for Kings vs 1 for Canucks.
Shots for this period are 11 for Kings vs 13 for Canucks.

2nd period


0:01 of 2nd period - Scott Hartnell wins face-off versus Evgeny Kuznetsov in neutral zone.
0:42 of 2nd period - Shot by Mikkel Boedker.
0:42 of 2nd period - Shot Blocked by Matt Niskanen.
1:14 of 2nd period - Shot by Reilly Smith.
1:14 of 2nd period - Stopped by Steve Mason without a rebound.
1:15 of 2nd period - Elias Lindholm wins face-off versus Eric Staal in Kings zone.
1:18 of 2nd period - Shot by Chris Kreider.
1:18 of 2nd period - Stopped by Steve Mason without a rebound.
1:19 of 2nd period - Adam Henrique wins face-off versus Eric Staal in Kings zone.
1:24 of 2nd period - Shot by Adam Henrique.
1:24 of 2nd period - Shot Blocked by Colton Sceviour.
1:32 of 2nd period - Alex Pietrangelo is hit by J.T. Brown and loses puck.
2:01 of 2nd period - Shot by Colton Sceviour.
2:01 of 2nd period - Shot Misses the Net.
2:08 of 2nd period - Icing by Jonas Brodin.
2:09 of 2nd period - Logan Couture wins face-off versus Jonathan Toews in Canucks zone.
2:21 of 2nd period - Icing by Dan Hamhuis.
2:22 of 2nd period - Jonathan Toews wins face-off versus Evgeny Kuznetsov in Kings zone.
2:30 of 2nd period - Shot by Evander Kane.
2:30 of 2nd period - Shot Misses the Net.
2:32 of 2nd period - Shot by Evgeny Kuznetsov.
2:32 of 2nd period - Stopped by Steve Mason without a rebound.
2:33 of 2nd period - Victor Rask wins face-off versus Robby Fabbri in Kings zone.
2:37 of 2nd period - Victor Rask is hit by Robby Fabbri and loses puck.
2:42 of 2nd period - Simon Despres is hit by Chris Kunitz.
2:50 of 2nd period - Shot by Mikael Granlund.
2:50 of 2nd period - Stopped by Henrik Lundqvist with a rebound.
2:52 of 2nd period - Shot by Victor Rask.
2:52 of 2nd period - Shot Misses the Net.
2:54 of 2nd period - Shot by Fedor Tyutin.
2:54 of 2nd period - Shot Blocked by Cody Ceci.
3:11 of 2nd period - Chris Kunitz is hit by Cody Ceci and loses puck.
4:01 of 2nd period - Shot by Daniel Sedin.
4:01 of 2nd period - Goal by Daniel Sedin - Kings : 1 - Canucks : 1.
4:02 of 2nd period - Colton Sceviour wins face-off versus Logan Couture in neutral zone.
4:05 of 2nd period - Shot by Eric Staal.
4:05 of 2nd period - Shot Misses the Net.
4:41 of 2nd period - Reilly Smith is hit by Alexei Emelin and loses puck.
5:09 of 2nd period - Icing by Adam Henrique.
5:10 of 2nd period - Derek MacKenzie wins face-off versus Logan Couture in Canucks zone.
5:31 of 2nd period - Matt Niskanen is hit by Brent Burns and loses puck.
5:36 of 2nd period - Shot by Derek MacKenzie.
5:36 of 2nd period - Stopped by Henrik Lundqvist without a rebound.
5:37 of 2nd period - Jonathan Toews wins face-off versus Elias Lindholm in Canucks zone.
5:43 of 2nd period - Shot by Daniel Sedin.
5:43 of 2nd period - Stopped by Henrik Lundqvist without a rebound.
5:44 of 2nd period - Jonathan Toews wins face-off versus Evgeny Kuznetsov in Canucks zone.
5:50 of 2nd period - Off-side.
5:51 of 2nd period - Jonathan Toews wins face-off versus Evgeny Kuznetsov in neutral zone.
5:55 of 2nd period - Scott Hartnell is hit by Brent Burns and loses puck.
6:32 of 2nd period - Shot by Jonathan Toews.
6:32 of 2nd period - Stopped by Henrik Lundqvist without a rebound.
6:33 of 2nd period - Mikael Granlund wins face-off versus Elias Lindholm in Canucks zone.
6:50 of 2nd period - Shot by Chris Kreider.
6:50 of 2nd period - Stopped by Steve Mason without a rebound.
6:51 of 2nd period - Colton Sceviour wins face-off versus Logan Couture in Kings zone.
6:57 of 2nd period - Minor Penalty to Evgeny Medvedev for Interference.
6:58 of 2nd period - Jonathan Toews wins face-off versus Evgeny Kuznetsov in Kings zone.
7:34 of 2nd period - Icing by Erik Karlsson.
7:35 of 2nd period - Evgeny Kuznetsov wins face-off versus Jonathan Toews in Canucks zone.
7:42 of 2nd period - Shot by Brent Burns.
7:42 of 2nd period - Stopped by Steve Mason without a rebound.
7:43 of 2nd period - Logan Couture wins face-off versus Jonathan Toews in Kings zone.
7:46 of 2nd period - Shot by Reilly Smith.
7:46 of 2nd period - Goal by Reilly Smith - Kings : 1 - Canucks : 2.
7:47 of 2nd period - Logan Couture wins face-off versus Mikael Granlund in neutral zone.
8:00 of 2nd period - Shot by Adam Henrique.
8:00 of 2nd period - Shot Blocked by Chris Kunitz.
8:02 of 2nd period - Shot by Adam Henrique.
8:02 of 2nd period - Shot Blocked by Matt Niskanen.
8:14 of 2nd period - Shot by Adam Henrique.
8:14 of 2nd period - Stopped by Steve Mason with a rebound.
8:20 of 2nd period - Shot by Reilly Smith.
8:20 of 2nd period - Shot Misses the Net.
8:30 of 2nd period - Shot by Adam Henrique.
8:30 of 2nd period - Stopped by Steve Mason without a rebound.
8:31 of 2nd period - Evgeny Kuznetsov wins face-off versus Jonathan Toews in Kings zone.
8:48 of 2nd period - Shot by Evgeny Kuznetsov.
8:48 of 2nd period - Stopped by Steve Mason without a rebound.
8:49 of 2nd period - Eric Staal wins face-off versus Chris Kreider in Kings zone.
9:26 of 2nd period - Shot by Eric Staal.
9:26 of 2nd period - Stopped by Henrik Lundqvist without a rebound.
9:27 of 2nd period - Jonathan Toews wins face-off versus Evgeny Kuznetsov in Canucks zone.
9:28 of 2nd period - Shot by Scott Hartnell.
9:28 of 2nd period - Goal by Scott Hartnell - Kings : 2 - Canucks : 2.
9:29 of 2nd period - Jonathan Toews wins face-off versus Evgeny Kuznetsov in neutral zone.
10:01 of 2nd period - Icing by Matt Niskanen.
10:02 of 2nd period - Logan Couture wins face-off versus Jonathan Toews in Kings zone.
10:17 of 2nd period - Shot by Adam Henrique.
10:17 of 2nd period - Stopped by Steve Mason without a rebound.
10:18 of 2nd period - Mikael Granlund wins face-off versus Robby Fabbri in Kings zone.
10:35 of 2nd period - Shot by Matt Beleskey.
10:35 of 2nd period - Shot Misses the Net.
10:37 of 2nd period - Shot by Robby Fabbri.
10:37 of 2nd period - Stopped by Steve Mason without a rebound.
10:38 of 2nd period - Eric Staal wins face-off versus Evgeny Kuznetsov in Kings zone.
10:49 of 2nd period - Shot by Colton Sceviour.
10:49 of 2nd period - Shot Blocked by Erik Karlsson.
10:53 of 2nd period - Shot by Eric Staal.
10:53 of 2nd period - Stopped by Henrik Lundqvist with a rebound.
10:55 of 2nd period - Shot by Eric Staal.
10:55 of 2nd period - Shot Misses the Net.
11:01 of 2nd period - Shot by Eric Staal.
11:01 of 2nd period - Shot Misses the Net.
11:03 of 2nd period - Shot by Fedor Tyutin.
11:03 of 2nd period - Stopped by Henrik Lundqvist without a rebound.
11:04 of 2nd period - Jonathan Toews wins face-off versus Logan Couture in Canucks zone.
11:07 of 2nd period - Shot by Jonathan Toews.
11:07 of 2nd period - Stopped by Henrik Lundqvist with a rebound.
11:26 of 2nd period - Reilly Smith is hit by Alexei Emelin and loses puck.
11:32 of 2nd period - Logan Couture is hit by Alexei Emelin and loses puck.
11:37 of 2nd period - Shot by Adam Henrique.
11:37 of 2nd period - Deflect By Reilly Smith.
11:37 of 2nd period - Stopped by Steve Mason with a rebound.
11:38 of 2nd period - Minor Penalty to Alexei Emelin for Hooking.
11:39 of 2nd period - Evgeny Kuznetsov wins face-off versus Jonathan Toews in Kings zone.
11:42 of 2nd period - Shot by Evander Kane.
11:42 of 2nd period - Stopped by Steve Mason without a rebound.
11:43 of 2nd period - Evgeny Kuznetsov wins face-off versus Jonathan Toews in Kings zone.
12:59 of 2nd period - Shot by Logan Couture.
12:59 of 2nd period - Deflect By Adam Henrique.
12:59 of 2nd period - Stopped by Steve Mason without a rebound.
13:00 of 2nd period - Jonathan Toews wins face-off versus Logan Couture in Kings zone.
13:45 of 2nd period - Fedor Tyutin is hit by Matt Beleskey and loses puck.
13:59 of 2nd period - Minor Penalty to Fedor Tyutin for Holding.
14:00 of 2nd period - Jonathan Toews wins face-off versus Evgeny Kuznetsov in Kings zone.
14:21 of 2nd period - Shot by Evander Kane.
14:21 of 2nd period - Shot Misses the Net.
14:33 of 2nd period - Colton Sceviour is hit by Evgeny Kuznetsov and loses puck.
15:50 of 2nd period - Shot by Eric Staal.
15:50 of 2nd period - Stopped by Henrik Lundqvist without a rebound.
15:51 of 2nd period - Derek MacKenzie wins face-off versus Evgeny Kuznetsov in Canucks zone.
15:56 of 2nd period - Shot by Colton Sceviour.
15:56 of 2nd period - Shot Misses the Net.
16:06 of 2nd period - Shot by Elias Lindholm.
16:06 of 2nd period - Shot Misses the Net.
16:32 of 2nd period - Shot by Victor Rask.
16:32 of 2nd period - Stopped by Henrik Lundqvist without a rebound.
16:33 of 2nd period - Evgeny Kuznetsov wins face-off versus Oscar Lindberg in Canucks zone.
17:05 of 2nd period - Shot by Evgeny Kuznetsov.
17:05 of 2nd period - Shot Misses the Net.
17:07 of 2nd period - Shot by Evander Kane.
17:07 of 2nd period - Stopped by Steve Mason without a rebound.
17:08 of 2nd period - Logan Couture wins face-off versus Jonathan Toews in Kings zone.
17:37 of 2nd period - Shot by Jonathan Toews.
17:37 of 2nd period - Shot Misses the Net.
18:26 of 2nd period - Icing by Mikael Granlund.
18:27 of 2nd period - Mikael Granlund wins face-off versus Evgeny Kuznetsov in Kings zone.
18:32 of 2nd period - Jonas Brodin is hit by Chris Kunitz and loses puck.
18:41 of 2nd period - Shot by Evander Kane.
18:41 of 2nd period - Stopped by Steve Mason without a rebound.
18:42 of 2nd period - Elias Lindholm wins face-off versus Eric Staal in Kings zone.
18:42 of 2nd period - Alex Pietrangelo is hit by Fedor Tyutin and loses puck.
18:48 of 2nd period - Minor Penalty to Fedor Tyutin for Unsportsmanlike conduct.
18:49 of 2nd period - Jonathan Toews wins face-off versus Evgeny Kuznetsov in Kings zone.
19:06 of 2nd period - Shot by Brent Burns.
19:06 of 2nd period - Stopped by Steve Mason without a rebound.
19:07 of 2nd period - Jonathan Toews wins face-off versus Logan Couture in Kings zone.
19:24 of 2nd period - Shot by Simon Despres.
19:24 of 2nd period - Deflect By Adam Henrique.
19:24 of 2nd period - Stopped by Steve Mason without a rebound.
19:25 of 2nd period - Derek MacKenzie wins face-off versus Evgeny Kuznetsov in Kings zone.
Goals for this period are 2 for Kings vs 1 for Canucks.
Shots for this period are 12 for Kings vs 18 for Canucks.

3rd period


0:01 of 3rd period - Jonathan Toews wins face-off versus Evgeny Kuznetsov in neutral zone.
0:22 of 3rd period - Shot by Evgeny Kuznetsov.
0:22 of 3rd period - Shot Misses the Net.
0:24 of 3rd period - Shot by Erik Karlsson.
0:24 of 3rd period - Stopped by Steve Mason without a rebound.
0:25 of 3rd period - Jonathan Toews wins face-off versus Reilly Smith in Kings zone.
0:48 of 3rd period - Icing by Reilly Smith.
0:49 of 3rd period - Mikael Granlund wins face-off versus Matt Beleskey in Canucks zone.
2:59 of 3rd period - Icing by Evgeny Kuznetsov.
3:00 of 3rd period - Evgeny Kuznetsov wins face-off versus Eric Staal in Canucks zone.
3:49 of 3rd period - Icing by Alex Pietrangelo.
3:50 of 3rd period - Derek MacKenzie wins face-off versus Evgeny Kuznetsov in Canucks zone.
3:57 of 3rd period - Shot by Derek MacKenzie.
3:57 of 3rd period - Stopped by Henrik Lundqvist without a rebound.
3:58 of 3rd period - Jonathan Toews wins face-off versus Logan Couture in Canucks zone.
4:15 of 3rd period - Shot by Scott Hartnell.
4:15 of 3rd period - Stopped by Henrik Lundqvist without a rebound.
4:16 of 3rd period - Mikael Granlund wins face-off versus Elias Lindholm in Canucks zone.
4:47 of 3rd period - Cody Ceci is hit by Chris Kunitz and loses puck.
4:55 of 3rd period - Icing by Cody Ceci.
4:56 of 3rd period - Jonathan Toews wins face-off versus Chris Kreider in Canucks zone.
6:27 of 3rd period - Shot by Brent Burns.
6:27 of 3rd period - Shot Misses the Net.
6:29 of 3rd period - Shot by Reilly Smith.
6:29 of 3rd period - Stopped by Steve Mason without a rebound.
6:30 of 3rd period - Evgeny Kuznetsov wins face-off versus Mikael Granlund in Kings zone.
6:30 of 3rd period - Evgeny Kuznetsov is hit by Matt Niskanen.
6:36 of 3rd period - Shot by Evander Kane.
6:36 of 3rd period - Deflect By Evgeny Kuznetsov.
6:36 of 3rd period - Shot Misses the Net.
6:42 of 3rd period - Shot by Victor Rask.
6:42 of 3rd period - Stopped by Henrik Lundqvist without a rebound.
6:43 of 3rd period - Robby Fabbri wins face-off versus Oscar Lindberg in Canucks zone.
7:17 of 3rd period - Icing by Alex Pietrangelo.
7:18 of 3rd period - Jonathan Toews wins face-off versus Robby Fabbri in Canucks zone.
7:29 of 3rd period - Ryan Strome is hit by Scott Hartnell and loses puck.
8:32 of 3rd period - Shot by Adam Henrique.
8:32 of 3rd period - Shot Misses the Net.
8:39 of 3rd period - Minor Penalty to Brent Burns for Hooking.
8:39 of 3rd period - Minor Penalty to Jonathan Toews for Hooking.
8:40 of 3rd period - Evgeny Kuznetsov wins face-off versus Eric Staal in Canucks zone.
8:40 of 3rd period - Evgeny Kuznetsov is hit by J.T. Brown.
9:04 of 3rd period - Minor Penalty to Matt Niskanen for Hooking.
9:05 of 3rd period - Evgeny Kuznetsov wins face-off versus Derek MacKenzie in Kings zone.
9:10 of 3rd period - Shot by Evgeny Kuznetsov.
9:10 of 3rd period - Stopped by Steve Mason without a rebound.
9:11 of 3rd period - Evgeny Kuznetsov wins face-off versus J.T. Brown in Kings zone.
9:18 of 3rd period - Shot by Elias Lindholm.
9:18 of 3rd period - Stopped by Steve Mason without a rebound.
9:19 of 3rd period - J.T. Brown wins face-off versus Evgeny Kuznetsov in Kings zone.
9:19 of 3rd period - J.T. Brown is hit by Elias Lindholm.
9:34 of 3rd period - Shot by Evgeny Kuznetsov.
9:34 of 3rd period - Stopped by Steve Mason with a rebound.
9:36 of 3rd period - Shot by Evgeny Kuznetsov.
9:36 of 3rd period - Goal by Evgeny Kuznetsov - Kings : 2 - Canucks : 3.
9:37 of 3rd period - Evgeny Kuznetsov wins face-off versus Jonathan Toews in neutral zone.
9:46 of 3rd period - Shot by Evgeny Kuznetsov.
9:46 of 3rd period - Shot Blocked by J.T. Brown.
10:12 of 3rd period - Shot by Evgeny Kuznetsov.
10:12 of 3rd period - Stopped by Steve Mason without a rebound.
10:13 of 3rd period - Jonathan Toews wins face-off versus Robby Fabbri in Kings zone.
10:13 of 3rd period - Niklas Kronwall is hit by Matt Beleskey and loses puck.
10:23 of 3rd period - Off-side.
10:24 of 3rd period - Jonathan Toews wins face-off versus Robby Fabbri in neutral zone.
10:55 of 3rd period - Shot by Adam Henrique.
10:55 of 3rd period - Shot Misses the Net.
10:57 of 3rd period - Shot by Reilly Smith.
10:57 of 3rd period - Shot Blocked by Colton Sceviour.
10:59 of 3rd period - Shot by Alex Pietrangelo.
10:59 of 3rd period - Stopped by Steve Mason without a rebound.
11:00 of 3rd period - Jonathan Toews wins face-off versus Evgeny Kuznetsov in Kings zone.
11:50 of 3rd period - Ryan Strome is hit by Chris Kunitz and loses puck.
11:59 of 3rd period - Matt Beleskey is hit by Chris Kunitz and loses puck.
12:09 of 3rd period - Off-side.
12:10 of 3rd period - Evgeny Kuznetsov wins face-off versus Jonathan Toews in neutral zone.
12:24 of 3rd period - Minor Penalty to Simon Despres for Hooking.
12:25 of 3rd period - Daniel Sedin wins face-off versus Adam Henrique in Canucks zone.
12:32 of 3rd period - Shot by Daniel Sedin.
12:32 of 3rd period - Shot Misses the Net.
12:49 of 3rd period - Shot by Scott Hartnell.
12:49 of 3rd period - Shot Misses the Net.
12:53 of 3rd period - Shot by Jonathan Toews.
12:53 of 3rd period - Shot Misses the Net.
12:55 of 3rd period - Shot by Scott Hartnell.
12:55 of 3rd period - Stopped by Henrik Lundqvist without a rebound.
12:56 of 3rd period - Evgeny Kuznetsov wins face-off versus Mikael Granlund in Canucks zone.
13:43 of 3rd period - Jonathan Toews is hit by Evander Kane and loses puck.
13:47 of 3rd period - Icing by Alexei Emelin.
13:48 of 3rd period - Adam Henrique wins face-off versus Jonathan Toews in Kings zone.
14:13 of 3rd period - Shot by Daniel Sedin.
14:13 of 3rd period - Stopped by Henrik Lundqvist with a rebound.
14:17 of 3rd period - Shot by Niklas Kronwall.
14:17 of 3rd period - Stopped by Henrik Lundqvist without a rebound.
14:18 of 3rd period - Evgeny Kuznetsov wins face-off versus Mikael Granlund in Canucks zone.
14:38 of 3rd period - Icing by Dan Hamhuis.
14:39 of 3rd period - Evgeny Kuznetsov wins face-off versus Derek MacKenzie in Kings zone.
14:39 of 3rd period - Evander Kane is hit by Matt Niskanen and loses puck.
15:43 of 3rd period - Shot by Adam Henrique.
15:43 of 3rd period - Shot Misses the Net.
15:45 of 3rd period - Shot by Adam Henrique.
15:45 of 3rd period - Stopped by Steve Mason with a rebound.
15:47 of 3rd period - Shot by Adam Henrique.
15:47 of 3rd period - Shot Misses the Net.
15:49 of 3rd period - Shot by Adam Henrique.
15:49 of 3rd period - Stopped by Steve Mason without a rebound.
15:50 of 3rd period - Elias Lindholm wins face-off versus Jonathan Toews in Kings zone.
15:57 of 3rd period - Shot by Daniel Sedin.
15:57 of 3rd period - Goal by Daniel Sedin - Kings : 3 - Canucks : 3.
15:58 of 3rd period - Logan Couture wins face-off versus Jonathan Toews in neutral zone.
16:03 of 3rd period - Icing by Jonathan Toews.
16:04 of 3rd period - Reilly Smith wins face-off versus Jonathan Toews in Kings zone.
16:08 of 3rd period - Adam Henrique is hit by Alexei Emelin and loses puck.
16:13 of 3rd period - Shot by Reilly Smith.
16:13 of 3rd period - Shot Misses the Net.
16:14 of 3rd period - Adam Henrique beats up Scott Hartnell.
16:14 of 3rd period - Penalty to Adam Henrique for Fighting.
16:14 of 3rd period - Penalty to Scott Hartnell for Fighting.
16:15 of 3rd period - Evgeny Kuznetsov wins face-off versus Mikael Granlund in Kings zone.
16:21 of 3rd period - Icing by Alexei Emelin.
16:22 of 3rd period - Mikael Granlund wins face-off versus Logan Couture in Kings zone.
17:36 of 3rd period - Shot by Evgeny Kuznetsov.
17:36 of 3rd period - Shot Blocked by Matt Niskanen.
17:48 of 3rd period - Shot by Evgeny Kuznetsov.
17:48 of 3rd period - Shot Misses the Net.
17:50 of 3rd period - Shot by Evgeny Kuznetsov.
17:50 of 3rd period - Shot Misses the Net.
17:52 of 3rd period - Shot by Evgeny Kuznetsov.
17:52 of 3rd period - Stopped by Steve Mason without a rebound.
17:53 of 3rd period - Derek MacKenzie wins face-off versus Elias Lindholm in Kings zone.
17:53 of 3rd period - Derek MacKenzie is hit by Elias Lindholm.
18:07 of 3rd period - Shot by Chris Kreider.
18:07 of 3rd period - Stopped by Steve Mason without a rebound.
18:08 of 3rd period - Eric Staal wins face-off versus Logan Couture in Kings zone.
18:39 of 3rd period - Shot by Logan Couture.
18:39 of 3rd period - Stopped by Steve Mason without a rebound.
18:40 of 3rd period - Jonathan Toews wins face-off versus Evgeny Kuznetsov in Kings zone.
18:51 of 3rd period - Shot by Evander Kane.
18:51 of 3rd period - Shot Misses the Net.
18:59 of 3rd period - Shot by Evander Kane.
18:59 of 3rd period - Shot Blocked by Niklas Kronwall.
19:01 of 3rd period - Shot by Cody Ceci.
19:01 of 3rd period - Shot Misses the Net.
19:07 of 3rd period - Shot by Evgeny Kuznetsov.
19:07 of 3rd period - Shot Misses the Net.
19:18 of 3rd period - Icing by Evgeny Kuznetsov.
19:19 of 3rd period - Evgeny Kuznetsov wins face-off versus Mikael Granlund in Canucks zone.
19:19 of 3rd period - Evgeny Kuznetsov is hit by Chris Kunitz.
19:33 of 3rd period - Shot by Victor Rask.
19:33 of 3rd period - Stopped by Henrik Lundqvist with a rebound.
19:45 of 3rd period - Shot by Dan Hamhuis.
19:45 of 3rd period - Shot Blocked by Simon Despres.
19:54 of 3rd period - Icing by Simon Despres.
19:55 of 3rd period - Evgeny Kuznetsov wins face-off versus Eric Staal in Canucks zone.
Goals for this period are 1 for Kings vs 1 for Canucks.
Shots for this period are 8 for Kings vs 13 for Canucks.

Overtime #1


0:01 of 1st overtime period - Evgeny Kuznetsov wins face-off versus Jonathan Toews in neutral zone.
0:10 of 1st overtime period - Shot by Logan Couture.
0:10 of 1st overtime period - Stopped by Steve Mason without a rebound.
0:11 of 1st overtime period - Jonathan Toews wins face-off versus Logan Couture in Kings zone.
0:29 of 1st overtime period - Icing by Evander Kane.
0:30 of 1st overtime period - Logan Couture wins face-off versus Victor Rask in Canucks zone.
1:31 of 1st overtime period - Shot by Matt Niskanen.
1:31 of 1st overtime period - Stopped by Henrik Lundqvist without a rebound.
1:32 of 1st overtime period - Jonathan Toews wins face-off versus Adam Henrique in Canucks zone.
1:35 of 1st overtime period - Shot by Scott Hartnell.
1:35 of 1st overtime period - Stopped by Henrik Lundqvist without a rebound.
1:36 of 1st overtime period - Daniel Sedin wins face-off versus Evgeny Kuznetsov in Canucks zone.
2:01 of 1st overtime period - Shot by Scott Hartnell.
2:01 of 1st overtime period - Stopped by Henrik Lundqvist without a rebound.
2:02 of 1st overtime period - Jonathan Toews wins face-off versus Adam Henrique in Canucks zone.
2:13 of 1st overtime period - Shot by Adam Henrique.
2:13 of 1st overtime period - Stopped by Steve Mason without a rebound.
2:14 of 1st overtime period - Jonathan Toews wins face-off versus Adam Henrique in Kings zone.
2:41 of 1st overtime period - Shot by Evgeny Kuznetsov.
2:41 of 1st overtime period - Stopped by Steve Mason without a rebound.
2:42 of 1st overtime period - Victor Rask wins face-off versus Evgeny Kuznetsov in Kings zone.
2:50 of 1st overtime period - Off-side.
2:51 of 1st overtime period - Jonathan Toews wins face-off versus Adam Henrique in neutral zone.
3:20 of 1st overtime period - Shot by Matt Niskanen.
3:20 of 1st overtime period - Shot Misses the Net.
3:50 of 1st overtime period - Shot by Scott Hartnell.
3:50 of 1st overtime period - Shot Misses the Net.
4:31 of 1st overtime period - Off-side.
4:32 of 1st overtime period - Jonathan Toews wins face-off versus Adam Henrique in neutral zone.
4:35 of 1st overtime period - Shot by Daniel Sedin.
4:35 of 1st overtime period - Stopped by Henrik Lundqvist without a rebound.
4:36 of 1st overtime period - Jonathan Toews wins face-off versus Adam Henrique in Canucks zone.
4:46 of 1st overtime period - Shot by Jonathan Toews.
4:46 of 1st overtime period - Shot Hit the Post.
Goals for this period are 0 for Kings vs 0 for Canucks.
Shots for this period are 4 for Kings vs 3 for Canucks.

ShootOut


5:00 of 1st overtime period - Penalty Shot by Eric Staal for Kings.
5:00 of 1st overtime period - Goal by Eric Staal.
5:00 of 1st overtime period - Penalty Shot by Evgeny Kuznetsov for Canucks.
5:00 of 1st overtime period - Stopped by Steve Mason.
5:00 of 1st overtime period - Penalty Shot by Daniel Sedin for Kings.
5:00 of 1st overtime period - Goal by Daniel Sedin.
5:00 of 1st overtime period - Penalty Shot by Adam Henrique for Canucks.
5:00 of 1st overtime period - Stopped by Steve Mason.